 Dungeon Crawl Stone Soup version 0.30-a0-778-g2ef04afb54 (webtiles) character file.

Game seed: 15628697759488583064

245 DEFE the Trooper (level 5, -3/69 HPs)
             Began as a Demonspawn Wanderer on Feb 16, 2023.
             Slain by a gnoll
             ... wielding a +0 halberd
             ... led by a gnoll bouda
              (9 damage)
             ... on level 4 of the Dungeon.
             The game lasted 00:03:55 (3590 turns).

DEFE the Trooper (Demonspawn Wanderer)              Turns: 3590, Time: 00:03:55

Health: -3/69      AC:  8    Str: 15    XL:     5   Next: 83%
Magic:  5/5        EV: 16    Int: 12    God:
Gold:   42         SH:  0    Dex: 13    Spells: 4/4 levels left

rFire   . . .      SeeInvis .    n - +0 mace
rCold   + . .      Faith    .    (no shield)
rNeg    . . .      Spirit   .    q - +0 ring mail
rPois   .          Reflect  .    v - +0 helmet
rElec   .          Harm     .    (no cloak)
rCorr   .          Rampage  .    w - +0 pair of gloves
Will    .....                    D - +0 pair of boots Stlth
                                 (no amulet)
HPRegen 0.31/turn                g - ring of protection from cold
MPRegen 0.09/turn                (no ring)

@: agile, berserking, weakened, very quick
A: powered by pain 2, weakness stinger 2
a: no special abilities


You were on level 4 of the Dungeon.
You visited 1 branch of the dungeon, and saw 4 of its levels.

You collected 183 gold pieces.
You spent 141 gold pieces at shops.

Inventory:

Hand Weapons
 a - a +0 club
 n - a +0 mace (weapon)
Missiles
 l - 6 poisoned darts (quivered)
Armour
 e - a +2 leather armour
 q - a +0 ring mail (worn)
 v - a +0 helmet (worn)
 w - a +0 pair of gloves (worn)
 D - a +0 pair of boots (worn)
Jewellery
 g - a ring of protection from cold (left hand)
 i - a ring of wizardry
 x - an amulet of faith
 E - a ring of protection from fire
Scrolls
 h - 3 scrolls of vulnerability
 o - 2 scrolls of fog
 p - 4 scrolls of immolation
 r - a scroll of enchant weapon
 s - a scroll of poison
 y - 2 scrolls of magic mapping
 z - a scroll of teleportation
 B - a scroll of torment {unknown}
 C - a scroll of silence {unknown}
Potions
 b - a potion of lignification
 c - 2 potions of attraction
 d - 3 potions of might
 j - 2 potions of brilliance
 k - 3 potions of curing
 m - a potion of invisibility {unknown}
 t - 4 potions of flight {unknown}
 u - 2 potions of heal wounds {unknown}
 A - a potion of haste {unknown}


   Skills:
 + Level 6.2 Fighting
 - Level 1.0 Armour
 - Level 2.6 Dodging
 - Level 1.7 Stealth
 - Level 1.0 Unarmed Combat
 - Level 1.2 Invocations


You had 4 spell levels left.
You didn't know any spells.
Your spell library contained the following spells:

 Spells                   Type           Power      Damage    Failure   Level
 Freeze                   Ice            0%         1d3       54%         1
 Frozen Ramparts          Ice            0%         1d1       89%         3
 Hailstorm                Conj/Ice       0%         3d3       89%         3


Dungeon Overview and Level Annotations

Branches:
Dungeon (4/15)
 Temple: D:4-7

Altars:
Cheibriados
Yredelemnul

Shops:
D:3 ?:?:(   D:4 *


Innate Abilities, Weirdness & Mutations

You sometimes gain power by taking damage.
You have a tail ending in a sharp stinger.


Message History

The gnoll bouda barks out a call to the hunt!
The gnolls pick up the pace!
The gnoll hits you with a +0 flail.
You take 4 damage, and have 15/46 hp.
Unknown command.
Okay, then.
A red film seems to cover your vision as you go berserk!
You feel yourself moving faster!
You feel mighty!
The gnoll hits you from afar with a +0 halberd.
* * * LOW HITPOINT WARNING * * *
The gnoll closely misses you.
You now have 19/69 hp.
You hit the gnoll.
The gnoll hits you from afar with a +0 halberd!
* * * LOW HITPOINT WARNING * * *
You focus on the pain.
You feel agile all of a sudden. The gnoll barely misses you.
The gnoll bouda gazes fiercely through you!
You feel your attacks grow feeble. The gnoll bouda misses you.
You take 8 damage, and have 11/69 hp.
You sock the gnoll!
You kill the gnoll!
The gnoll completely misses you.
Unknown command.
You closely miss the gnoll bouda. The gnoll bouda misses you.
The gnoll completely misses you.
Unknown command.
You hit the gnoll bouda.
The gnoll bouda hits you with a +0 club.
* * * LOW HITPOINT WARNING * * *
The gnoll barely misses you.
You take 2 damage, and have 9/69 hp.
Unknown command.
You sock the gnoll bouda!
The gnoll bouda hits you with a +0 club.
* * * LOW HITPOINT WARNING * * *
The gnoll hits you from afar with a +0 halberd!
You die...

##....
#..........
#.....#
#....†..###
#....##
##.....##
#....#####.....#
#.............##
#....?..####.#
##.....### #.#
#....### #.#
#g@..# ...
#.)..# .....#
#g.......
..#....
..####....#
..##.... ###
#....# ##..#
##.#.# #... .###
##.. $# ##. ##


You could see a gnoll bouda and a gnoll (swift).

Vanquished Creatures
  A jelly (D:4)
  2 iguanas (D:4)
  3 gnolls (D:4)
  4 adders
  2 worms (D:2)
  3 dart slugs
  6 orcs
  11 endoplasms
  2 giant cockroaches (D:1)
  8 goblins (D:1)
  5 hobgoblins
  6 quokkas
  5 ball pythons
  7 bats
  5 frilled lizards
  3 kobolds
  8 rats
81 creatures vanquished.

Notes
Turn   | Place    | Note
-------+----------+-------------------------------------------
     0 | D:1      | DEFE the Demonspawn Wanderer began the quest for the Orb.
     0 | D:1      | DEFE set off with the following items: a +0 club, a potion
                  | of lignification, a potion of attraction, a potion of
                  | might, a +2 leather armour.
     0 | D:1      | Reached XP level 1. HP: 16/16 MP: 1/1
   261 | D:1      | Gained mutation: You sometimes gain a little power by
                  | taking damage. [demonic ancestry]
   261 | D:1      | Reached XP level 2. HP: 20/23 MP: 2/2
   291 | D:1      | Reached skill level 3 in Fighting
   461 | D:1      | Gained mutation: You have a small tail. [demonic ancestry]
   461 | D:1      | Reached XP level 3. HP: 18/29 MP: 3/3
  1363 | D:2      | Reached skill level 4 in Fighting
  1774 | D:3      | Found Ohukh's Book Shop.
  1854 | D:3      | Found Fieps's Magic Scroll Emporium.
  1864 | D:3      | Bought a scroll of identify for 26 gold pieces
  1864 | D:3      | Bought a scroll of teleportation for 39 gold pieces
  1864 | D:3      | Bought a scroll of immolation for 52 gold pieces
  1901 | D:3      | Found a snail-covered altar of Cheibriados.
  1966 | D:3      | Gained mutation: You sometimes gain power by taking damage.
                  | [demonic ancestry]
  1966 | D:3      | Reached XP level 4. HP: 38/38 MP: 4/4
  2196 | D:3      | Found Qepiul's Book Boutique.
  2244 | D:3      | Found Zedeigarch's Weapon Boutique.
  2303 | D:3      | Found Aqyssaim's Magic Scroll Shop.
  2342 | D:3      | Bought a scroll of identify for 24 gold pieces
  2465 | D:3      | Found a basalt altar of Yredelemnul.
  2547 | D:4      | Reached skill level 5 in Fighting
  3010 | D:4      | Gained mutation: You have a tail ending in a sharp stinger.
                  | [demonic ancestry]
  3010 | D:4      | Reached XP level 5. HP: 19/44 MP: 5/5
  3169 | D:4      | Found Duhutobb's Assorted Antiques.
  3504 | D:4      | Reached skill level 6 in Fighting
  3590 | D:4      | Slain by a gnoll

Illustrated notes

Levels and vault maps discovered:
D:1:      roderic_chinese_lattice_arrival, layout_rooms
D:2:      layout_loops_corners, nrook_campfire
D:3:      layout_rooms, marbit_many_paths, kennysheep_slug_shrine, serial_shops,
          nicolae_shop_bloodbath_and_beyond, nicolae_shop_hallway_plus, shop,
          nicolae_lakefront_shop, nicolae_shop_window_shopping,
          kennysheep_generic_room_9
D:4:      corexii_shack_village, layout_layer_cave, serial_shops,
          kennysheep_little_box, nicolae_eternal_life

Skill      XL: |  1  2  3  4  5 |
---------------+----------------+-----
Fighting       | 3 4 5 6 |  6.2
Armour         | |  1.0
Dodging        | |  2.6
Stealth        | |  1.7
Unarmed Combat | |  1.0
Invocations    | |  1.2

Action                     |  1- 3 |  4- 6 || total
---------------------------+-------+-------++-------
  Melee: Club              |   220 |    14 ||   234
         Tailslap          |    18 |    18 ||    36
         Punch             |     1 |     8 ||     9
         Mace              |       |    99 ||    99
    Use: Scroll            |     5 |     3 ||     8
         Potion            |       |     1 ||     1
   Stab: Sleeping          |     1 |     2 ||     3
 Armour: Leather armour    |    48 |       ||    48
         Ring mail         |    58 |    49 ||   107
  Dodge: Dodged            |   167 |    92 ||   259

Table legend: (Time is in decaauts)
 A = Elapsed time spent in this place.
 B = Non-inter-level travel time spent in this place.
 C = Inter-level travel time spent in this place.
 D = Time resting spent in this place.
 E = Time spent auto-exploring this place.
 F = Levels seen in this place.
 G = Mean time per level.
                   A        B        C        D        E       F      G
               +--------+--------+--------+--------+--------+-----+--------+
         Total |   3704 |   3627 |     77 |    520 |   2318 |   4 |  926.0 |
       Dungeon |   3704 |   3627 |     77 |    520 |   2318 |   4 |  926.0 |
               +--------+--------+--------+--------+--------+-----+--------+

Top non-repeatable levels by time:
     D:4: 1106 daAuts
     D:2: 972 daAuts
     D:1: 861 daAuts
     D:3: 764 daAuts
